 Dungeon Crawl Stone Soup version 0.27.0-1-g7a089689b8 (webtiles) character file.

Game seed: 2124532407155675753

1076 hasubaka the Ruffian (level 8, -1/78 HPs)
             Began as a Troll Berserker on Aug 12, 2021.
             Was a Priest of Trog.
             Slain by Pikel (7 damage)
             ... on level 5 of the Dungeon on Aug 13, 2021.
             The game lasted 00:17:22 (3622 turns).

hasubaka the Ruffian (Troll Berserker)              Turns: 3622, Time: 00:17:23

Health: -1/78      AC:  4    Str: 28    XL:     8   Next: 8%
Magic:  7/7        EV: 10    Int:  3    God:    Trog [***...]
Gold:   258        SH:  0    Dex:  9    Spells: 7/7 levels left

rFire    . . .     SeeInvis .     - Unarmed
rCold    . . .     Faith    .   (no shield)
rNeg     + . .     Spirit   .   a - +0 animal skin
rPois    .         Reflect  .   (helmet restricted)
rElec    .         Harm     .   (no cloak)
rCorr    .         Rampage  .   (gloves unavailable)
Will     ++...                  (boots unavailable)
Stlth    +.........             (no amulet)
HPRegen  2.23/turn              h - ring of positive energy
MPRegen  0.10/turn              (no ring)

@: strong-willed, on berserk cooldown, regenerating, slowed, very slow
A: large, unfitting armour, claws 3, regeneration 1, shaggy fur 1, tough skin 1
a: Renounce Religion, Berserk, Trog's Hand


You were on level 5 of the Dungeon.
You worshipped Trog.
Trog was most pleased with you.
You visited 1 branch of the dungeon, and saw 5 of its levels.
You also visited: Sewer.

You collected 258 gold pieces.

Inventory:

Hand Weapons
 k - a +2 dagger of venom
Missiles
 b - 14 sling bullets
 l - 16 poisoned darts (quivered)
Armour
 a - a +0 animal skin (worn)
Jewellery
 h - a ring of positive energy (left claw)
Scrolls
 d - 4 scrolls of magic mapping
 e - a scroll of enchant weapon {unknown}
 i - 4 scrolls of teleportation
 o - a scroll of brand weapon {unknown}
Potions
 f - a potion of brilliance {unknown}
 g - 2 potions of attraction
 j - a potion of curing {unknown}
 m - 4 potions of flight


   Skills:
 + Level 3.7 Fighting
 + Level 4.7 Dodging
 + Level 0.9 Stealth
 + Level 7.7 Unarmed Combat


You had 7 spell levels left.
You didn't know any spells.
Your spell library contained the following spells:

 Spells                   Type           Power      Damage    Failure   Level
 Portal Projectile        Hex/Tloc       0%         N/A       88%         3
 Blade Hands              Tmut           0%         N/A       100%        5
 Excruciating Wounds      Necr           0%         N/A       100%        5


Dungeon Overview and Level Annotations

Branches:
Dungeon (5/15)             Temple (0/1) D:4           Sewer (visited)

Altars:
Zin

Shops:
D:1 (

Annotations:
D:5 Pikel


Innate Abilities, Weirdness & Mutations

You are too large for most types of armour.
You have claws for hands.
Your natural rate of healing is unusually fast.
You are covered in fur. (AC +1)
You have tough skin. (AC +1)


Message History

Pikel hits you with a +2 whip of flaming.
Pikel burns you. The lemure barely misses you. The lemure misses you.
Pikel barely misses you. The lemure closely misses you.
You closely miss the lemure. The lemure hits you.
Pikel hits you with a +2 whip of flaming.
Pikel burns you. The lemure closely misses you.
You scratch the lemure but do no damage.
The lemure hits you.
Pikel hits you with a +2 whip of flaming.
* * * LOW HITPOINT WARNING * * *
Pikel burns you.
* * * LOW HITPOINT WARNING * * *
The lemure hits you.
* * * LOW HITPOINT WARNING * * *
The lemure completely misses you. The lemure hits you but does no damage.
Pikel hits you with a +2 whip of flaming.
* * * LOW HITPOINT WARNING * * *
Pikel burns you.
* * * LOW HITPOINT WARNING * * *
You barely miss Pikel.
Pikel is heavily wounded.
The lemure hits you but does no damage. The lemure hits you.
* * * LOW HITPOINT WARNING * * *
Pikel hits you with a +2 whip of flaming!
* * * LOW HITPOINT WARNING * * *
Pikel burns you.
* * * LOW HITPOINT WARNING * * *
The lemure barely misses you.
Your skin crawls.
You feel strong-willed. The lemure closely misses you.
Pikel hits you with a +2 whip of flaming!
* * * LOW HITPOINT WARNING * * *
Pikel burns you.
* * * LOW HITPOINT WARNING * * *
The lemure hits you but does no damage. x2
You closely miss Pikel.
Pikel is moderately wounded.
Pikel hits you with a +2 whip of flaming!
You die...

,,,,,,,**#*,....?...##..,,,,,,,,*
,,,***,,,#.,,.............,,,,,**
,*****,,*#..##............,,,,,,*
,***,**,.#..#.............,,,,,,*
,**,,,,,..........#*#...........,
,,,>,,,,..#.......###...........,
,,,***,*.......:...#..........#,,
**,* ***.......5.$...........##..
**** *.......K@...........##...
*#...#..5............#....
*#...###..................
*...,,*##...†.............
*#.,*** #..#...##......... **,*
#########......... ***
#........##. ###.......#.
#...##...#


You could see Pikel and 2 lemures.

Vanquished Creatures
  Sigmund (D:2)
  A sky beast (D:5)
  An ogre (D:3)
  2 lemures (D:5)
  A phantom (D:4)
  A kobold brigand (Sewer)
  A water moccasin skeleton (D:3)
  A bullfrog zombie (D:5)
  3 hounds
  4 orc priests
  A jelly (D:4)
  Terence (D:2)
  An orc wizard (D:4)
  A scorpion zombie (D:5)
  2 hound skeletons (D:4)
  A howler monkey zombie (D:5)
  3 adders
  2 river rats (Sewer)
  A white imp (D:5)
  An ufetubus (D:4)
  4 worms
  10 orcs
  8 ball pythons
  5 bats
  4 endoplasms
  2 giant cockroaches
  9 goblins
  4 hobgoblins
  18 jackals
  6 kobolds
  2 quokkas
  2 frilled lizards
  7 rats
111 creatures vanquished.

Notes
Turn   | Place    | Note
-------+----------+-------------------------------------------
     0 | D:1      | hasubaka the Troll Berserker began the quest for the Orb.
     0 | D:1      | Reached XP level 1. HP: 22/22 MP: 0/0
    30 | D:1      | Reached XP level 2. HP: 29/29 MP: 1/1
    93 | D:1      | Found Hozxaf's Weapon Boutique.
   245 | D:1      | Reached ** piety under Trog
   252 | D:1      | Reached XP level 3. HP: 35/36 MP: 2/2
   719 | D:2      | Noticed Terence
   723 | D:2      | Killed Terence
   761 | D:2      | Reached skill level 4 in Unarmed Combat
   761 | D:2      | Reached XP level 4. HP: 36/44 MP: 3/3
   773 | D:2      | Noticed Sigmund
   799 | D:2      | Killed Sigmund
   800 | D:2      | Reached skill level 5 in Unarmed Combat
   800 | D:2      | Reached XP level 5. HP: 14/53 MP: 4/4
   889 | D:2      | Reached XP level 6. HP: 59/61 MP: 5/5
   933 | D:2      | Found a faded altar of an unknown god.
  1674 | D:3      | Found a glowing silver altar of Zin.
  1902 | D:3      | Found a glowing drain.
  1925 | Sewer    | Entered a sewer
  1927 | Sewer    | Reached *** piety under Trog
  2045 | Sewer    | Found a glowing silver altar of Zin.
  2256 | D:3      | Reached skill level 6 in Unarmed Combat
  2564 | D:3      | Reached XP level 7. HP: 67/67 MP: 6/6
  2896 | D:4      | Found a staircase to the Ecumenical Temple.
  3020 | D:4      | Reached skill level 7 in Unarmed Combat
  3345 | D:5      | Entered Level 5 of the Dungeon
  3507 | D:5      | Reached XP level 8. HP: 69/78 MP: 7/7
  3585 | D:5      | Noticed Pikel
  3621 | D:5      | HP: 3/78 [Pikel (2)]
  3622 | D:5      | Slain by Pikel

Illustrated notes

Levels and vault maps discovered:
D:1:      scummos_arrival_star, layout_basic, serial_shops, shop
D:2:      layout_loops_ring, hellmonk_ecumenical_altar_arch_garden,
          minmay_tetromino_o2, uniq_sigmund, uniq_terence
D:3:      layout_loops_corners, zin_scriptorium, cheibrodos_sewer_entry_bend,
          grunt_ministairs_6
D:4:      layout_cave_pools, temple_pool_b
D:5:      layout_cave_pools, uniq_pikel, uniq_crazy_yiuf_cottage,
          uniq_prince_ribbit1

Skill      XL: |  1  2  3  4  5  6  7 |
---------------+----------------------+-----
Dodging        | 3 4 |  4.7
Unarmed Combat | 4 5 6 7 |  7.7
Fighting       | 3 |  3.7
Stealth        | |  0.9

Action                   |  1- 3 |  4- 6 |  7- 9 || total
-------------------------+-------+-------+-------++-------
Melee: Unarmed           |    61 |   114 |   117 ||   292
       Punch             |       |     2 |     6 ||     8
Invok: Berserk           |     3 |     5 |     2 ||    10
       Trog's Hand       |     1 |       |     3 ||     4
  Use: Scroll            |       |       |     4 ||     4
       Potion            |       |       |     3 ||     3
 Stab: Sleeping          |       |     1 |       ||     1
Armor: Animal skin       |    41 |    42 |    37 ||   120
Dodge: Dodged            |    49 |    57 |    71 ||   177
